 Dungeon Crawl Stone Soup version 0.19.4 (webtiles) character file.

10955 Jerry the Bludgeoner (level 11, -7/123 HPs)
             Began as an Ogre Hunter on Feb 2, 2017.
             Was an Initiate of Gozag.
             Hit by a javelin thrown by Urug (14 damage)
             ... on level 2 of the Lair of Beasts.
             The game lasted 00:43:11 (13908 turns).

Jerry the Bludgeoner (Ogre Hunter)                 Turns: 13908, Time: 00:43:12

Health: -7/123     AC:  5    Str: 20    XL:     11   Next: 70%
Magic:  11/11      EV: 10    Int: 10    God:    Gozag
Gold:   1036       SH:  0    Dex: 12    Spells: 0 memorised, 10 levels left

rFire  + . .     SeeInvis .     w - +1 mace (distort)
rCold  + . .     Gourm    .     t - +0 robe {rC+}
rNeg   + . .     Faith    .     (no shield)
rPois  .         Spirit   .     (helmet restricted)
rElec  .         Reflect  .     Q - +1 cloak
rCorr  .         Harm     .     (gloves unavailable)
MR     +....                    (boots unavailable)
Stlth  ++++......               I - amulet of regeneration
                                J - ring of positive energy
                                n - ring of protection from fire

@: no status effects
A: unfitting armour, tough skin 1
a: Potion Petition, Call Merchant, Bribe Branch, Renounce Religion


You were on level 2 of the Lair of Beasts.
You worshipped Gozag.
Gozag was most pleased with you.
You were not hungry.

You visited 2 branches of the dungeon, and saw 12 of its levels.

You collected 2457 gold pieces.
You spent 372 gold pieces at shops.
You paid 1049 gold pieces to Gozag.

Inventory:

Hand Weapons
 o - a +0 giant spiked club
 w - a +1 mace of distortion (weapon)
 z - a +3 morningstar
Missiles
 c - 5 large rocks (quivered)
 d - 2 throwing nets
Armour
 t - a +0 robe of cold resistance (worn)
 Q - a +1 cloak (worn)
Jewellery
 n - a ring of protection from fire (left hand)
 I - an amulet of regeneration (around neck)
 J - a ring of positive energy (right hand)
 K - an uncursed ring of flight
Wands
 p - a wand of digging (9/24)
 q - a wand of acid (15/15)
 C - a wand of acid (0/15)
 G - a wand of flame (44/48)
 L - a wand of iceblast (4/15)
Scrolls
 h - 3 scrolls of identify
 i - 5 scrolls of remove curse
 j - 2 scrolls of immolation
 u - a scroll of teleportation
 v - a scroll of recharging
 x - 2 scrolls of magic mapping
 y - a scroll of fear
 B - 4 scrolls of blinking
 F - a scroll of fog
 R - a scroll of amnesia
Potions
 e - 4 potions of brilliance
 f - a potion of invisibility
 g - a potion of berserk rage
 l - 6 potions of curing
 m - 2 potions of lignification
 r - a potion of cancellation
 A - 2 potions of might
 D - a potion of agility
 E - a potion of flight
 M - a potion of cure mutation
 N - a potion of mutation
 P - a potion of heal wounds
Books
 b - a book of Ice

   Spells                             Type                      Level
   a - Ice Form                       Ice/Transmutation            4
   b - Metabolic Englaciation         Hexes/Ice                    5
   c - Ozocubu's Refrigeration        Ice                          6
   d - Bolt of Cold                   Conjuration/Ice              6
   e - Freezing Cloud                 Conjuration/Ice/Air          6
   f - Simulacrum                     Ice/Necromancy               6
 s - a book of Clouds

   Spells                             Type                      Level
   a - Mephitic Cloud                 Conjuration/Poison/Air       3
   b - Conjure Flame                  Conjuration/Fire             3
   c - Poisonous Cloud                Conjuration/Poison/Air       6
   d - Freezing Cloud                 Conjuration/Ice/Air          6
   e - Ring of Flames                 Charms/Fire                  7
Comestibles
 a - 7 meat rations
 k - 12 fruits
 O - 2 bread rations


   Skills:
 + Level 11.9 Fighting
 * Level 15.6 Maces & Flails
 - Level 4.0 Throwing
 - Level 1.7 Dodging
 + Level 7.8 Stealth


You had 10 spell levels left.
You didn't know any spells.

Dungeon Overview and Level Annotations

Branches:
Dungeon (10/15)            Temple (0/1) D:6            Lair (2/6) D:10
    Orc (0/2) D:10
  Swamp: Lair:2-4    Shoals: Lair:2-4     Snake: Lair:2-4    Spider: Lair:2-4

Altars:
Ashenzari
Cheibriados
Dithmenos
Elyvilon
Fedhas
Gozag
Nemelex Xobeh
Qazlal
Sif Muna
Uskayaw
Vehumet
Xom
Yredelemnul
Zin

Shops:
D:5 (   D:9 **

Annotations:
Lair:2 Urug; baghtru's ghost, journeyman HOFi


Innate Abilities, Weirdness & Mutations

You are too large for most types of armour.
You have tough skin. (AC +1)


Message History

Throwing (i - inventory. (,) - cycle):
c - 7 large rocks (quivered)
Press: ? - help, Shift-Dir - straight line, f/p - Urug
Aim: Urug, wielding a vampiric demon trident and wearing a glowing chain mail (heavily wounded)
You throw a large rock. The large rock barely misses Urug.
Urug completely misses you.
Throwing (i - inventory. (,) - cycle):
c - 6 large rocks (quivered)
Press: ? - help, Shift-Dir - straight line, f/p - Urug
Aim: Urug, wielding a vampiric demon trident and wearing a glowing chain mail (heavily wounded)
You throw a large rock. The large rock barely misses Urug.
Urug barely misses you.
Urug hits you from afar with a vampiric demon trident!
* * * LOW HITPOINT WARNING * * *
Urug throws a javelin.
The javelin closely misses you.
Urug throws a javelin.
The javelin hits you!
* * * LOW HITPOINT WARNING * * *
There is an escape hatch in the ceiling, spattered with blood here.
You see here a javelin.
Urug throws a javelin.
The javelin hits you!
You die...
Your body crumbles into a pile of gold.

##.....# #### #..[...# .#.#
##.>#..## ...# ##.>#...##
#..# #....P.#.#
#..#####......###
..#..#P#........## #####
.##........###.P.####!.P###
#.#........##.(.@...o((..(#
##...#P..#.###.P.#.####(...#
##..............P.# #..##
#..#.P##..........# ..P#
##.#####..##..#.### .(# #..#
#.######## .# ##.# #.. ##
#.# ##. #.# #.


You could see Urug.

Vanquished Creatures
  A hill giant (D:10)
  The ghost of dricus the Destroyer, a novice DECj of Vehumet (D:6)
  Maurice (D:10)
  4 spiny frogs
  A two-headed ogre (D:10)
  A hippogriff (D:8)
  Sigmund (D:3)
  The ghost of Yarinad the Cudgeler, an amateur MiFi of Kikubaaqudgha (D:4)
  A basilisk (Lair:2)
  5 yaks (Lair:1)
  Duvessa (D:4)
  A water moccasin (Lair:2)
  6 porcupines
  3 orc warriors
  A phantom (D:10)
  2 ice beasts
  A sky beast (D:4)
  5 ogres
  A necrophage (D:9)
  2 centaurs
  2 crocodiles (Lair:2)
  3 big kobolds (D:10)
  Blork the orc (D:4)
  6 bullfrogs
  Dowan (D:4)
  5 gnoll sergeants (D:10)
  A wyvern skeleton (D:9)
  10 killer bees
  4 wights (D:9)
  A howler monkey (D:5)
  4 crimson imps
  A centaur zombie (D:6)
  5 hounds
  2 quasits
  2 jellies
  An orc priest (D:6)
  2 centaur skeletons
  An iguana (D:10)
  Ijyb (D:3)
  3 bullfrog skeletons
  7 orc wizards
  9 worker ants
  A killer bee zombie (D:9)
  2 hound zombies (D:7)
  A hound skeleton (D:4)
  Robin (D:3)
  2 gnolls
  7 adders
  3 shadow imps
  3 oozes
  An adder zombie (D:6)
  4 dart slugs
  13 leopard geckos
  33 orcs
  2 ball pythons
  8 giant cockroaches
  15 goblins
  8 hobgoblins
  12 jackals
  8 kobolds
  3 quokkas
  3 bats
  4 frilled lizards
  2 jackal zombies
  3 leopard gecko skeletons
  A quokka skeleton (D:9)
  6 rats
258 creatures vanquished.

Vanquished Creatures (others)
  The ghost of Jovan the Carver, a journeyman HuWn of Okawaru (Lair:2)
  A spiny frog (Lair:2)
  2 hippogriffs
  2 orc warriors
  2 ogres
  A centaur (D:10)
  A big kobold (D:10)
  A gnoll sergeant (D:10)
  3 killer bees
  A jelly (D:5)
  A centaur skeleton (D:10)
  A worker ant zombie (D:6)
  2 orcs
  A jackal (D:6)
  2 fungi (Lair:2)
22 creatures vanquished.

Grand Total: 280 creatures vanquished

Notes
Turn   | Place    | Note
-------+----------+-------------------------------------------
     0 | D:1      | Jerry the Ogre Hunter began the quest for the Orb.
     0 | D:1      | Reached XP level 1. HP: 22/22 MP: 1/1
     8 | D:1      | Noticed an electric eel
    55 | D:1      | Reached skill level 1 in Stealth
   162 | D:1      | Reached skill level 1 in Maces & Flails
   357 | D:1      | Reached XP level 2. HP: 30/31 MP: 2/2
   908 | D:1      | Reached skill level 2 in Maces & Flails
   908 | D:1      | Reached XP level 3. HP: 36/37 MP: 3/3
  1576 | D:2      | Found a stormy altar of Qazlal.
  1590 | D:2      | Found an opulent altar of Gozag.
  1594 | D:2      | Became a worshipper of Gozag Ym Sagoz the Greedy
  1821 | D:2      | Found a hide-covered altar of Uskayaw.
  2280 | D:2      | Found a shimmering altar of Xom.
  2280 | D:2      | Found a glowing silver altar of Zin.
  2280 | D:2      | Noticed an angel
  2486 | D:2      | Found a shattered altar of Ashenzari.
  2526 | D:2      | Reached XP level 4. HP: 42/48 MP: 4/4
  2543 | D:3      | Noticed an ogre
  2592 | D:3      | Killed an ogre
  2592 | D:3      | Reached skill level 4 in Maces & Flails
  2592 | D:3      | Reached XP level 5. HP: 54/54 MP: 5/5
  2676 | D:3      | Noticed Ijyb
  2681 | D:3      | Killed Ijyb
  2858 | D:3      | Found a snail-covered altar of Cheibriados.
  3119 | D:3      | Noticed Sigmund
  3249 | D:3      | Killed Sigmund
  3249 | D:3      | Reached skill level 5 in Fighting
  3249 | D:3      | Reached skill level 5 in Maces & Flails
  3249 | D:3      | Reached XP level 6. HP: 26/66 MP: 6/6
  3473 | D:3      | Reached skill level 6 in Maces & Flails
  3488 | D:3      | Found a sparkling altar of Nemelex Xobeh.
  3516 | D:3      | Noticed Robin
  3540 | D:3      | Killed Robin
  4005 | D:4      | Reached XP level 7. HP: 72/72 MP: 7/7
  4007 | D:4      | Noticed Yarinad's ghost (amateur MiFi)
  4036 | D:4      | Killed Yarinad's ghost
  4036 | D:4      | Reached skill level 7 in Maces & Flails
  4869 | D:4      | Noticed Duvessa
  4871 | D:4      | Killed Duvessa
  4872 | D:4      | Noticed Dowan
  4876 | D:4      | Killed Dowan
  4876 | D:4      | Reached skill level 8 in Maces & Flails
  5038 | D:4      | Reached XP level 8. HP: 79/83 MP: 8/8
  5094 | D:4      | Noticed Blork the orc
  5105 | D:4      | Killed Blork the orc
  5287 | D:5      | Entered Level 5 of the Dungeon
  5752 | D:4      | Reached skill level 9 in Maces & Flails
  6251 | D:5      | Found a deep blue altar of Sif Muna.
  6485 | D:5      | Found a shadowy altar of Dithmenos.
  6574 | D:5      | Bought a glowing mace for 225 gold pieces
  6769 | D:6      | Found a blossoming altar of Fedhas.
  6770 | D:6      | Reached skill level 10 in Maces & Flails
  6795 | D:6      | Noticed dricus's ghost (novice DECj)
  6801 | D:6      | Reached XP level 9. HP: 86/94 MP: 9/9
  7033 | D:6      | Killed dricus's ghost
  7271 | D:6      | Reached skill level 11 in Maces & Flails
  7383 | D:6      | Reached skill level 5 in Stealth
  7789 | D:6      | Found a staircase to the Ecumenical Temple.
  8452 | D:7      | Found a basalt altar of Yredelemnul.
  8587 | D:7      | Found a white marble altar of Elyvilon.
  8819 | D:8      | Reached skill level 12 in Maces & Flails
  9266 | D:8      | Reached XP level 10. HP: 85/107 MP: 10/10
  9386 | D:8      | Found a radiant altar of Vehumet.
  9776 | D:9      | Found Net Eff's General Store.
 10130 | D:9      | Bought a scroll labeled NAIFAKITTE for 25 gold pieces
 10130 | D:9      | Bought a scroll labeled FEYNOHUCET for 25 gold pieces
 10130 | D:9      | Bought a scroll labeled REBUSAC VURO for 25 gold pieces
 10130 | D:9      | Bought a fuming coppery potion for 22 gold pieces
 10130 | D:9      | Bought a scroll labeled QEXZOLENIE for 25 gold pieces
 10130 | D:9      | Bought a scroll labeled CUZANE RUIRAARGH for 25 gold pieces
 10292 | D:9      | Reached skill level 10 in Fighting
 10378 | D:9      | Reached skill level 13 in Maces & Flails
 10534 | D:10     | Entered Level 10 of the Dungeon
 10534 | D:10     | Noticed a hill giant
 10539 | D:10     | Killed a hill giant
 10631 | D:10     | Found a staircase to the Lair.
 10802 | D:10     | Noticed Maurice
 11047 | D:10     | Killed Maurice
 11424 | D:10     | Reached skill level 14 in Maces & Flails
 11624 | D:10     | Reached XP level 11. HP: 101/119 MP: 11/11
 11696 | D:10     | Found a staircase to the Orcish Mines.
 12309 | Lair:1   | Entered Level 1 of the Lair of Beasts
 12498 | Lair:1   | Reached skill level 15 in Maces & Flails
 13054 | Lair:2   | Noticed Jovan's ghost (journeyman HuWn)
 13378 | Lair:2   | Noticed baghtru's ghost (journeyman HOFi)
 13566 | Lair:2   | Noticed a lindwurm
 13615 | Lair:2   | Banished Jovan's ghost
 13863 | Lair:2   | Noticed Urug
 13908 | Lair:2   | Hit by a javelin thrown by Urug

Skill      XL: |  1  2  3  4  5  6  7  8  9 10 11 |
---------------+----------------------------------+-----
Stealth        | 1 2 3 4 5 6 7 |  7.8
Maces & Flails | 1 2 4 5 6 8 10 12 14 15 | 15.6
Fighting       | 3 4 5 6 7 9 10 11 | 11.9
Throwing       | |  4.0
Dodging        | |  1.7

Action                   |  1- 3 |  4- 6 |  7- 9 | 10-12 || total
-------------------------+-------+-------+-------+-------++-------
Melee: Club              |   201 |    75 |       |       ||   276
       Short sword       |     4 |       |       |       ||     4
       Whip              |       |    58 |   238 |       ||   296
       Mace              |       |       |   175 |   359 ||   534
Throw: Large rock        |     2 |    18 |    43 |    38 ||   101
Invok: Call Merchant     |       |       |     1 |     1 ||     2
Evoke: Wand              |       |       |       |     2 ||     2
  Use: Scroll            |       |     8 |     3 |    18 ||    29
       Potion            |       |     1 |       |     1 ||     2
 Stab: Sleeping          |     3 |     2 |     8 |     7 ||    20
       Distracted        |       |       |     3 |     2 ||     5
  Eat: Chunk             |     2 |       |       |       ||     2
       Beef jerky        |     1 |       |     2 |     1 ||     4
       Royal jelly       |     1 |       |       |       ||     1
       Bread ration      |       |     1 |     3 |     2 ||     6
       Pizza             |       |       |     2 |     2 ||     4
Armor: Robe              |    42 |    33 |    83 |    75 ||   233
Dodge: Dodged            |   115 |    83 |   180 |   154 ||   532
